AoeStats
← Sergeantmilan97

Fortress

509113552Analyzed
4v4 RM · 6d ago on Sep 25, 2026· 51m 21s· 8 players
Game mode
Random Map
Map size
Huge
Population
200
Speed
Normal
Resources
Standard
Victory
Conquest
Starting age
Dark Age
Ending age
Imperial Age
RankedLock teamsTeams togetherTeam positionsShared explorationLock speedFull tech treeHidden civsTurbo modeCheats
Victory
Defeat
🇨🇳 Varangians · China
1535
+13
🇷🇺 Saracens · Russia
1507
+14
🇨🇦 Burmese · Canada
1445
+18
🇺🇸 Bohemians · United States
1444
+17
🇪🇸 Spanish · Spain
1508
-17
🇨🇿 Saxons · Czechia
1491
-16
🇩🇪 Cumans · Germany
1479
-16
🇩🇪 Bengalis · Germany
1404
-13
Pelopincho
8:03 Feudal Age
11:43 Castle Age
9:57 Double-Bit Axe
10:23 Horse Collar
10:39 Gold Mining
11:10 Stone Mining
12:20 Wheelbarrow
13:26 Bow Saw
16:55 Loom
21:26 Heavy Plow
21:59 Padded Archer Armor
22:01 Husbandry
22:11 Bloodlines
23:08 Leather Archer Armor
23:14 Hand Cart
23:30 Bloodlines
25:46 Stone Shaft Mining
29:23 Imperial Age
29:30 Scale Barding Armor
29:35 Forging
29:29 Elite Conquistador
30:30 Conscription
30:44 Ring Archer Armor
34:03 Hoardings
34:27 Caravan
35:05 Hoardings
33:53 Cavalier
34:54 Chain Barding Armor
34:45 Forging
34:48 Masonry
34:48 Fortified Wall
34:34 Murder Holes
37:53 Two-Man Saw
39:56 Coinage
40:14 Paladin
41:30 Plate Barding Armor
41:30 Iron Casting
43:18 Town Watch
44:05 Architecture
44:36 Chemistry
43:22 Arrowslits
43:28 Guard Tower
45:42 Light Cavalry
47:25 Blast Furnace
47:40 Fletching
48:34 Ballistics
48:34 Bodkin Arrow
CroCkeR
8:59 Feudal Age
10:06 Double-Bit Axe
12:37 Castle Age
10:20 Horse Collar
11:31 Gold Mining
12:34 Fletching
13:41 Bow Saw
15:07 Wheelbarrow
18:24 Bodkin Arrow
19:17 Forging
19:21 Padded Archer Armor
20:18 Scale Mail Armor
20:39 Loom
22:12 Chain Mail Armor
22:32 Iron Casting
28:09 Imperial Age
29:13 Leather Archer Armor
29:34 Iron Casting
29:51 Caravan
30:46 Conscription
30:29 Bracer
31:00 Ring Archer Armor
31:35 Paiks
32:53 Blast Furnace
33:38 Onager
34:59 Hand Cart
34:30 Town Watch
37:11 Pikeman
37:51 Squires
37:37 Arson
38:15 Ballistics
38:55 Chemistry
38:06 Masonry
38:07 Fortified Wall
39:29 Halberdier
41:17 Heavy Plow
41:49 Scale Barding Armor
42:15 Ring Archer Armor
44:25 Chain Barding Armor
45:51 Elite Ratha (Ranged)
47:02 Man-at-Arms
47:27 Gambesons
48:18 Siege Elephant
50:10 Long Swordsman
Sergeantmilan97
6:32 Feudal Age
7:14 Double-Bit Axe
7:21 Horse Collar
13:28 Wheelbarrow
15:49 Castle Age
14:59 Gold Mining
16:25 Scale Barding Armor
16:31 Forging
17:02 Loom
17:53 Bow Saw
17:46 Heavy Plow
21:59 Imperial Age
20:50 Chain Barding Armor
20:31 Scale Mail Armor
21:06 Iron Casting
21:55 Iron Casting
22:16 Bloodlines
23:24 Gold Shaft Mining
23:39 Plate Barding Armor
24:20 Two-Man Saw
24:15 Conscription
23:55 Elite Steppe Lancer
25:44 Blast Furnace
26:02 Hand Cart
26:00 Steppe Husbandry
38:24 Light Cavalry
45:11 Hussar
46:59 Caravan
DetectiveYemitoShumafuk
6:55 Feudal Age
10:34 Castle Age
8:54 Double-Bit Axe
9:03 Horse Collar
17:10 Heavy Plow
18:01 Loom
Skirm2OP
7:35 Feudal Age
11:33 Castle Age
9:41 Double-Bit Axe
9:58 Horse Collar
12:32 Bow Saw
13:23 Heavy Plow
14:16 Fervor
TheWolf
7:42 Feudal Age
9:16 Horse Collar
9:41 Gold Mining
12:09 Castle Age
17:36 Loom
18:32 Wheelbarrow
24:34 Imperial Age
22:31 Hand Cart
22:05 Town Watch
23:21 Fletching
26:05 Scale Barding Armor
27:40 Bloodlines
27:30 Husbandry
29:51 Chemistry
30:36 Forging
32:34 Gold Shaft Mining
35:43 Iron Casting
36:12 Conscription
35:53 Howdah
36:16 Chain Barding Armor
36:42 Bodkin Arrow
38:18 Blast Furnace
37:18 Bodkin Arrow
38:07 Cavalier
38:12 Elite Battle Elephant
39:21 Ballistics
41:50 Pikeman
42:30 Squires
42:32 Scale Mail Armor
42:49 Halberdier
44:33 Chain Mail Armor
45:58 Plate Mail Armor
48:45 Bracer
星际小菜
6:42 Feudal Age
10:55 Castle Age
8:43 Horse Collar
9:17 Double-Bit Axe
12:24 Bow Saw
19:57 Wheelbarrow
20:01 Heavy Plow
20:57 Gold Mining
21:35 Hand Cart
26:06 Imperial Age
23:55 Forging
23:43 Stone Mining
24:48 Scale Barding Armor
26:05 Iron Casting
25:51 Chain Barding Armor
27:29 Conscription
26:49 Elite Jarl
27:58 Squires
29:00 Coinage
28:38 Caravan
29:27 Stone Shaft Mining
29:05 Pikeman
29:41 Fletching
29:49 Halberdier
33:06 Blast Furnace
32:06 Scale Mail Armor
31:44 Gothikon
32:55 Bodkin Arrow
34:06 Husbandry
34:17 Bloodlines
35:13 Chain Mail Armor
36:31 Gothikon
38:41 Guilds
38:55 Arson
40:46 Guilds
43:10 Plate Barding Armor
43:06 Plate Mail Armor
43:17 Bracer
42:58 Elite Varangian Guard
46:12 Padded Archer Armor
48:07 Capped Ram
50:34 Leather Archer Armor
49:42 Vendel Legacy
50:36 Siege Ram
xxArMoRxx
6:55 Feudal Age
10:46 Castle Age
8:53 Double-Bit Axe
8:50 Horse Collar
13:30 Bow Saw
15:44 Fervor
17:32 Wheelbarrow
16:43 Loom
18:59 Town Watch
19:51 Heavy Plow
20:32 Hand Cart
20:39 Gold Mining
23:13 Forging
23:09 Scale Barding Armor
22:37 Pikeman
23:18 Squires
23:57 Bloodlines
23:48 Husbandry
24:51 Iron Casting
27:46 Imperial Age
25:12 Light Cavalry
29:59 Chain Barding Armor
30:39 Blast Furnace
29:30 Fletching
29:30 Arson
29:31 Gambesons
30:31 Gold Shaft Mining
29:47 Stone Mining
30:14 Town Patrol
30:35 Conscription
30:51 Hoardings
30:28 Elite Mameluke
32:53 Bodkin Arrow
33:42 Plate Barding Armor
33:03 Bodkin Arrow
33:10 Caravan
33:41 Coinage
33:58 Hussar
36:08 Chemistry
35:29 Ballistics
35:05 Murder Holes
35:21 Masonry
37:11 Bimaristan
37:41 Heavy Camel Rider
40:02 Bracer
40:03 Scale Mail Armor
40:17 Fortified Wall
44:57 Counterweights
50:20 Capped Ram
52:14 Two-Man Saw
51:33 Chain Mail Armor
51:19 Padded Archer Armor
51:14 Siege Ram
Connection lost

Rejoining the realm…

Still unreachable

The connection could not be restored.

Session expired

The server has moved on; the page needs a fresh start.